 Dungeon Crawl Stone Soup version 0.30-a0-857-gcaf70739d4 (webtiles) character file.

Game seed: 14535583244758396230

10731 Newt the Markskobold (level 11, -20/67 HPs)
             Began as a Kobold Hunter on Mar 6, 2023.
             Was an Initiate of Hepliaklqana.
             Killed by an exploding orc knight (45 damage)
             ... ignited by their inner flame
             ... on level 11 of the Dungeon.
             The game lasted 00:11:32 (10959 turns).

Newt the Markskobold (Kobold Hunter)               Turns: 10959, Time: 00:11:32

Health: -20/67     AC: 11    Str:  8    XL:     11   Next: 98%
Magic:  0/19       EV: 22    Int: 14    God:    Hepliaklqana [......]
Gold:   829        SH:  0    Dex: 23    Spells: 21/21 levels left

rFire   . . .      SeeInvis +    a - +2 shortbow
rCold   . . .      Faith    .    (shield currently unavailable)
rNeg    + . .      Spirit   +    j - +2 troll leather armour {Pargi}
rPois   .          Reflect  .    N - +1 hat
rElec   .          Rampage  .    (no cloak)
rCorr   +          Harm     + .  I - +0 pair of gloves
Will    +++..                    O - +1 pair of boots of the Salmon {Harm Int+3}
Stlth   +++                      x - amulet of guardian spirit
HPRegen 1.11/turn                i - ring "Jecum" {rF+ rC- rN+ Will++ rCorr}
MPRegen 0.16/turn                l - ring of ice

@: no status effects
A: small, no large weapons, nightstalker 3, see invisible, strong-willed 1
a: Renounce Religion


You were on level 11 of the Dungeon.
You worshipped Hepliaklqana.
Hepliaklqana was noncommittal.
You visited 2 branches of the dungeon, and saw 12 of its levels.
You also visited: Ossuary.

You collected 829 gold pieces.

Inventory:

Hand Weapons
 a - a +2 shortbow (weapon)
Missiles
 y - 3 boomerangs of dispersal
Armour
 c - a +0 leather armour
 j - a +2 troll leather armour (worn) {Pargi}
 q - a +0 pair of boots
 I - a +0 pair of gloves (worn)
 N - a +1 hat (worn)
 O - the +1 pair of boots of the Salmon (worn) {Harm Int+3}
   (You acquired it on level 10 of the Dungeon)

   Int:       It affects your intelligence (+3).
   Harm:      It increases damage dealt and taken.
Jewellery
 g - an amulet of magic regeneration
 i - the ring "Jecum" (left hand) {rF+ rC- rN+ Will++ rCorr}
   (You acquired it on level 3 of the Dungeon)

   [ring of resist corrosion]

   rF:        It protects you from fire.
   rC:        It makes you vulnerable to cold.
   rN:        It protects you from negative energy.
   rCorr:     It protects you from acid and corrosion.
   Will:      It greatly increases your willpower.
 l - a ring of ice (right hand)
 x - an amulet of guardian spirit (around neck)
 z - a ring of willpower
 B - a ring of positive energy
 C - a ring of fire
 E - a ring of flight
 G - an amulet of faith
Wands
 D - a wand of iceblast (11)
 F - a wand of flame (9)
 J - a wand of mindburst (10)
Scrolls
 b - 5 scrolls of immolation
 f - 7 scrolls of blinking
 m - 8 scrolls of teleportation
 o - 3 scrolls of noise
 p - 2 scrolls of vulnerability
 A - 5 scrolls of identify
 H - a scroll of silence
 K - a scroll of amnesia {unknown}
 L - a scroll of fear {unknown}
 M - 2 scrolls of magic mapping
Potions
 d - a potion of degeneration
 e - 4 potions of heal wounds
 h - 2 potions of flight
 k - 5 potions of curing
 n - 4 potions of might
 r - a potion of mutation
 s - 3 potions of invisibility
 t - 2 potions of magic
 u - 4 potions of attraction
 v - a potion of resistance
 w - 3 potions of brilliance


   Skills:
 - Level 7.0 Fighting
 - Level 16.0 Ranged Weapons
 - Level 4.0 Armour
 - Level 10.0 Dodging
 - Level 1.3 Stealth
 + Level 5.9 Spellcasting
 - Level 6.0 Evocations


You had 21 spell levels left.
You didn't know any spells.
Your spell library contained the following spells:

 Spells                   Type           Power      Damage    Failure   Level
 Apportation              Tloc           8%         N/A       22%         1
 Kiss of Death            Conj/Necr      16%        2d6       22%         1
 Necrotise                Necr           16%        1d4       22%         1
 Summon Small Mammal      Summ           16%        N/A       22%         1
 Sublimation of Blood     Necr           4%         N/A       34%         2
 Confusing Touch          Hex            4%         N/A       56%         3
 Inner Flame              Hex/Fire       4%         N/A       56%         3
 Vhi's Electric Charge    Tloc/Air       8%         N/A       56%         3
 Airstrike                Air            2%         2d(1-17)  92%         4
 Dispel Undead            Necr           4%         3d7       92%         4
 Flame Wave               Conj/Fire      4%         2d5       92%         4
 Petrify                  Tmut/Erth      4%         N/A       92%         4
 Sticky Flame             Conj/Fire      4%         2d3       92%         4
 Summon Lightning Spire   Summ/Air       4%         N/A       92%         4
 Alistair's Intoxication  Tmut/Pois      2%         N/A       99%         5
 Arcjolt                  Conj/Air       2%         1d12      99%         5
 Irradiate                Conj/Tmut      2%         3d12      99%         5
 Lightning Bolt           Conj/Air       2%         1d13      99%         5
 Maxwell's Capacitive Co  Air            2%         ∞         100%        8


Dungeon Overview and Level Annotations

Branches:
Dungeon (11/15)            Temple (1/1) D:5            Lair (0/5) D:8
    Orc (0/2) D:9         Ossuary (visited)

Altars:
Ashenzari
Cheibriados
Dithmenos
Elyvilon
Fedhas
Gozag
Hepliaklqana
Kikubaaqudgha
Makhleb
Nemelex Xobeh
Okawaru
Qazlal
Ru
Sif Muna
Trog
Uskayaw
Vehumet
Wu Jian
Xom
Yredelemnul
Zin
The Shining One

Annotations:
D:7 3 runed translucent doors


Innate Abilities, Weirdness & Mutations

You are small and have problems with some larger weapons.
You are completely attuned to the shadows.
You have supernaturally acute eyesight. (SInv)
You are strong-willed. (Will+)


Message History

The arrow hits the orc knight but does no damage.
The orc knight is lightly wounded.
The orc knight barely misses you.
You shoot an arrow. The arrow barely misses the orc knight.
The arrow hits the ogre.
The ogre is severely wounded.
The orc knight hits you with a +0 dire flail!
Really read the scroll of immolation?
As you read the scroll of immolation, it crumbles to dust.
The creatures around you are filled with an inner flame!
The orc knight hits you with a +0 dire flail!
Fire: a) +2 shortbow
Press: ? - help, Shift-Dir - straight line, f - ogre, p - orc knight
Aim: an ogre, wielding a +0 giant spiked club (severely wounded, inner flame, 83% to hit)
You shoot an arrow. The arrow hits the orc knight.
Flame seeps out of the orc knight.
The orc knight is moderately wounded.
You hear a shout!
The orc knight is engulfed in blazing flames.
Flame seeps out of the orc knight.
The orc knight hits you with a +0 dire flail!!
You hear a shout! x2
Fire: a) +2 shortbow
Press: ? - help, Shift-Dir - straight line, f/p - ogre
Aim: an ogre, wielding a +0 giant spiked club (severely wounded, inner flame, 83% to hit)
You shoot an arrow.
The arrow completely misses the orc knight.
The arrow hits the ogre!!
The ogre explodes!
The fiery explosion engulfs the orc knight!!
The fiery explosion engulfs the orc!!!
The fiery explosion engulfs the orc warrior!!
The orc warrior explodes!
The fiery explosion engulfs the orc!!!
The orc explodes!
You feel a bit more experienced. x2
The orc explodes!
The orc knight explodes!
The fiery explosion engulfs you!!!
Ouch! That really hurt!
You die...

.. #.#### +#
....<# ###...
.....#####§§..o
.....#.@○§§#$O.
.......##### O.
.....### .
.....# .....#
###)##


There were no monsters in sight!

Vanquished Creatures
  A two-headed ogre (D:9)
  An orc knight (D:11)
  Maurice (D:9)
  Maggie (D:10)
  A kobold demonologist (D:10)
  A rime drake (D:8)
  A troll (D:9)
  Prince Ribbit (D:5)
  Sigmund (D:3)
  A wyvern (D:9)
  12 yaks
  A wraith (D:9)
  2 hogs (D:10)
  2 steam dragons
  2 vampire mosquitoes (D:10)
  A human (D:10)
  2 wargs (D:9)
  A water moccasin (D:8)
  A sky beast (D:8)
  5 orc warriors
  Pargi (D:4)
  3 black bears
  6 ice beasts
  2 wolves (D:8)
  An ogre (D:11)
  2 centaurs
  A gnoll sergeant (D:8)
  2 bullfrogs (D:7)
  2 scorpions
  21 wights
  20 killer bees
  5 howler monkeys
  A jelly (D:7)
  An orc priest (D:9)
  3 centaur zombies (Ossuary)
  2 hounds
  2 sleepcaps
  3 iguanas
  7 orc wizards
  2 ogre zombies (Ossuary)
  7 mummies (Ossuary)
  20 gnolls
  10 adders
  2 shadow imps
  2 ufetubi (D:6)
  2 adder zombies (Ossuary)
  2 worms (D:2)
  A dart slug (D:4)
  38 orcs
  6 ball pythons
  6 endoplasms
  A giant cockroach (D:2)
  2 gnoll zombies (Ossuary)
  8 goblins
  14 hobgoblins
  9 kobolds
  A quokka (D:1)
  6 bats
  3 frilled lizards
  4 goblin zombies (Ossuary)
  4 hobgoblin zombies (Ossuary)
  4 kobold zombies (Ossuary)
  5 quokka zombies (Ossuary)
  8 rats
  4 rat zombies (Ossuary)
295 creatures vanquished.

Vanquished Creatures (collateral kills)
  An orc (D:4)
  A bat (D:3)
2 creatures vanquished.

Vanquished Creatures (others)
  2 plants (D:4)
2 creatures vanquished.

Grand Total: 299 creatures vanquished

Notes
Turn   | Place    | Note
-------+----------+-------------------------------------------
     0 | D:1      | Newt the Kobold Hunter began the quest for the Orb.
     0 | D:1      | Reached XP level 1. HP: 12/12 MP: 1/1
    21 | D:1      | Reached XP level 2. HP: 14/19 MP: 2/2
   102 | D:1      | You fall into a shaft and drop 1 floor!
   313 | D:1      | Reached XP level 3. HP: 23/23 MP: 3/3
  1089 | D:2      | Reached XP level 4. HP: 30/30 MP: 4/4
  1515 | D:3      | Identified a scroll of acquirement
  1515 | D:3      | Acquired the ring "Jecum" {rF+ rC- rN+ Will++ rCorr}
  1829 | D:3      | Reached skill level 5 in Fighting
  2020 | D:3      | Noticed Sigmund
  2032 | D:3      | Killed Sigmund
  2033 | D:3      | Reached skill level 7 in Ranged Weapons
  2033 | D:3      | Reached XP level 5. HP: 29/35 MP: 5/5
  2033 | D:3      | Reached XP level 6. HP: 33/40 MP: 6/6
  2156 | D:4      | Reached skill level 8 in Ranged Weapons
  2247 | D:4      | Noticed a black bear
  2255 | D:4      | Killed a black bear
  2256 | D:4      | Reached skill level 9 in Ranged Weapons
  2256 | D:4      | Reached XP level 7. HP: 32/44 MP: 7/7
  2345 | D:4      | Noticed Pargi
  2370 | D:4      | Killed Pargi
  2667 | D:4      | Reached skill level 10 in Ranged Weapons
  3377 | D:4      | Reached XP level 8. HP: 36/49 MP: 8/8
  3476 | D:5      | Entered Level 5 of the Dungeon
  3520 | D:5      | Found a sand-covered staircase.
  3525 | Ossuary  | Entered an ossuary
  3641 | Ossuary  | Reached skill level 5 in Dodging
  4226 | D:5      | Found a staircase to the Ecumenical Temple.
  4254 | Temple   | Entered the Ecumenical Temple
  4462 | D:5      | Gained mutation: Your muscles are strong. (Str +4, Int/Dex
                  | -1) [potion of mutation]
  4462 | D:5      | Gained mutation: You are clumsy. (Dex -2) [potion of
                  | mutation]
  4463 | D:5      | Lost mutation: You are clumsy. (Dex -2) [potion of
                  | mutation]
  4463 | D:5      | Lost mutation: Your muscles are strong. (Str +4, Int/Dex
                  | -1) [potion of mutation]
  4463 | D:5      | Gained mutation: You are strong-willed. (Will+) [potion of
                  | mutation]
  4463 | D:5      | Gained mutation: You have supernaturally acute eyesight.
                  | (SInv) [potion of mutation]
  4651 | D:5      | Noticed Prince Ribbit
  4664 | D:5      | Killed Prince Ribbit
  4740 | D:5      | Noticed a yak
  4751 | D:5      | Killed a yak
  4752 | D:5      | Reached skill level 11 in Ranged Weapons
  4752 | D:5      | Reached XP level 9. HP: 57/57 MP: 9/9
  5071 | D:6      | Reached skill level 12 in Ranged Weapons
  5775 | D:7      | Reached skill level 13 in Ranged Weapons
  6421 | D:7      | Found a runed translucent gate.
  6422 | D:7      | Found a runed translucent gate.
  6422 | D:7      | Found a runed translucent gate.
  6515 | D:7      | Reached skill level 14 in Ranged Weapons
  6521 | D:7      | Reached skill level 1 in Evocations
  6718 | D:7      | Reached XP level 10. HP: 63/63 MP: 10/10
  6978 | D:8      | Reached skill level 5 in Evocations
  7139 | D:8      | Noticed a rime drake
  7159 | D:8      | Reached skill level 1 in Armour
  7182 | D:8      | Killed a rime drake
  7674 | D:8      | Found a staircase to the Lair.
  8132 | D:9      | Noticed a two-headed ogre
  8148 | D:9      | Killed a two-headed ogre
  8149 | D:9      | Reached skill level 15 in Ranged Weapons
  8155 | D:9      | Reached XP level 11. HP: 35/67 MP: 2/11
  8342 | D:9      | Reached skill level 16 in Ranged Weapons
  8354 | D:9      | Noticed Maurice
  8769 | D:9      | Killed Maurice
  9085 | D:9      | Reached skill level 10 in Dodging
  9108 | D:9      | Found a staircase to the Orcish Mines.
  9333 | D:9      | Reached skill level 1 in Spellcasting
  9666 | D:10     | Entered Level 10 of the Dungeon
 10361 | D:10     | Found a glowing silver altar of Zin.
 10361 | D:10     | Found a glowing golden altar of the Shining One.
 10362 | D:10     | Acquired the +1 pair of boots of the Salmon {Harm Int+3}
 10379 | D:10     | Found an ancient bone altar of Kikubaaqudgha.
 10380 | D:10     | Found an ornate altar of the Wu Jian Council.
 10381 | D:10     | Found a blossoming altar of Fedhas.
 10382 | D:10     | Found an iron altar of Okawaru.
 10383 | D:10     | Found a sacrificial altar of Ru.
 10385 | D:10     | Found a hazy altar of Hepliaklqana.
 10501 | D:10     | Reached skill level 5 in Spellcasting
 10588 | D:10     | Noticed Maggie
 10609 | D:10     | Killed Maggie
 10892 | D:10     | Became a worshipper of Hepliaklqana the Forgotten
 10947 | D:11     | Noticed an orc knight
 10959 | D:11     | Killed an orc knight
 10959 | D:11     | Killed by an exploding orc knight... ignited by their inner
                  | flame

Illustrated notes

Levels and vault maps discovered:
D:1:      nzn_arrival_depleted_hourglass, layout_basic
D:2:      layout_basic
D:3:      layout_basic, uniq_sigmund
D:4:      corexii_shantytown, layout_basic, uniq_pargi
D:5:      layout_rooms, minmay_temple_entry_hall, enter_ossuary_2,
          minmay_misc_feat_hallway, minmay_small_thing, uniq_prince_ribbit1
D:6:      layout_loops_ring, uniq_menkaure
D:7:      layout_loops_ring, gammafunk_ghost_necromancy
D:8:      layout_rooms, hellmonk_lair_entry_icy,
          hangedman_abyss_or_decor_stagger, minmay_stone_trees_small
D:9:      layout_loops_ring, david_orc_3, uniq_maurice
D:10:     layout_rooms, minitemple, nicolae_eternal_life, grunt_livestock,
          uniq_maggie
D:11:     layout_roguey [special_room_orc]
Temple:   eino_temple_water

Skill      XL: |  1  2  3  4  5  6  7  8  9 10 11 |
---------------+----------------------------------+-----
Fighting       | 3 4 5 7 |  7.0
Ranged Weapons | 7 9 10 11 14 15 16 | 16.0
Dodging        | 4 6 10 | 10.0
Evocations     | 3 6 |  6.0
Armour         | 4 |  4.0
Spellcasting   | 5 |  5.9
Stealth        | |  1.3

Action                     |  1- 3 |  4- 6 |  7- 9 | 10-12 || total
---------------------------+-------+-------+-------+-------++-------
   Fire: Shortbow          |    52 |    68 |   493 |   536 ||  1149
  Evoke: Wand              |       |       |       |     1 ||     1
    Use: Scroll            |     4 |     4 |    14 |     3 ||    25
         Potion            |     2 |       |     4 |     3 ||     9
 Armour: Leather armour    |     5 |    17 |     7 |       ||    29
         Troll leather arm |       |       |    46 |    66 ||   112
  Dodge: Dodged            |     9 |    34 |   227 |   387 ||   657

Table legend: (Time is in decaauts)
 A = Elapsed time spent in this place.
 B = Non-inter-level travel time spent in this place.
 C = Inter-level travel time spent in this place.
 D = Time resting spent in this place.
 E = Time spent auto-exploring this place.
 F = Levels seen in this place.
 G = Mean time per level.
                   A        B        C        D        E       F      G
               +--------+--------+--------+--------+--------+-----+--------+
         Total |  10901 |  10522 |    379 |   1797 |   6982 |  13 |  838.5 |
       Dungeon |  10227 |   9863 |    364 |   1797 |   6525 |  11 |  929.7 |
        Temple |    206 |    191 |     15 |      0 |    176 |   1 |  206.0 |
       Ossuary |    466 |    466 |      0 |      0 |    281 |   1 |  466.0 |
               +--------+--------+--------+--------+--------+-----+--------+

Top non-repeatable levels by time:
     D:8: 1409 daAuts
     D:4: 1347 daAuts
     D:7: 1276 daAuts
    D:10: 1242 daAuts
     D:9: 1192 daAuts
     D:2: 892 daAuts
     D:5: 801 daAuts
     D:6: 770 daAuts
     D:3: 644 daAuts
     D:1: 629 daAuts
 Ossuary: 466 daAuts
  Temple: 206 daAuts
    D:11: 21 daAuts
